 Dungeon Crawl Stone Soup version 0.21-a0-85-ga0cb861 (webtiles) character file.

138 4thArraOfDagon the Vexing (level 5, 0/35 HPs)
             Began as a Mummy Enchanter on June 25, 2017.
             Was an Initiate of Cheibriados.
             Splashed by a jelly's acid (3 damage)
             ... on level 5 of the Dungeon.
             The game lasted 00:06:06 (1101 turns).

4thArraOfDagon the Vexing (Mummy Enchanter)         Turns: 1101, Time: 00:06:07

Health: 0/35       AC: -6    Str: 15    XL:     5   Next: 1%
Magic:  0/9        EV: 12    Int: 17    God:    Cheibriados [......]
Gold:   67         SH:  0    Dex: 13    Spells: 3/9 levels left

rFire    x . .     SeeInvis .   n - +0 rapier
rCold    + . .     Gourm    .   (no shield)
rNeg     + + +     Faith    +   b - +0 robe
rPois    ∞         Spirit   .   (no helmet)
rElec    .         Reflect  .   (no cloak)
rCorr    .         Harm     .   (no gloves)
MR       .....                  (no boots)
Stlth    +++.......             d - amulet of faith
HPRegen  0.11/turn              l - ring of stealth
MPRegen  0.11/turn              i - +3 ring of strength

@: corroded, very slow
A: no food or potions, fire vulnerability, cold resistance 1, negative energy
resistance 3, torment resistance, unbreathing
a: Bend Time, Renounce Religion


You were on level 5 of the Dungeon.
You worshipped Cheibriados.
Cheibriados was noncommittal.
You were not hungry.

You visited 1 branch of the dungeon, and saw 5 of its levels.

You collected 67 gold pieces.

Inventory:

Hand Weapons
 a - a +1 dagger
 n - a +0 rapier (weapon)
Armour
 b - a +0 robe (worn)
 m - a +0 leather armour of fire resistance
Jewellery
 d - an amulet of faith (around neck)
 e - an uncursed amulet of magic regeneration
 h - an uncursed ring of flight
 i - a +3 ring of strength (right hand)
 l - a ring of stealth (left hand)
Scrolls
 f - 3 scrolls of identify {unknown}
 g - 2 scrolls of remove curse {unknown}
 j - a scroll of amnesia {unknown}
 k - a scroll of enchant armour {unknown}
Books
 c - a book of Maledictions

   Spells                             Type                      Level
   a - Corona                         Hexes                        1
   b - Ensorcelled Hibernation        Hexes/Ice                    2
   c - Confuse                        Hexes                        3
   d - Tukima's Dance                 Hexes                        3
   e - Dazzling Spray                 Conjuration/Hexes            3


   Skills:
 - Level 2.0 Short Blades
 - Level 1.5 Dodging
 - Level 2.4 Stealth
 - Level 2.6 Spellcasting
 - Level 4.1 Hexes
 * Level 1.6 Ice Magic


You had 3 spell levels left.
You knew the following spells:

 Your Spells              Type           Power        Failure   Level  Hunger
a - Corona                Hex            ###....      3%          1    N/A
b - Ensorcelled Hibernat  Hex/Ice        ##....       9%          2    N/A
c - Confuse               Hex            ###.....     10%         3    N/A

Dungeon Overview and Level Annotations

Branches:
Dungeon (5/15)
 Temple: D:4-7

Altars:
Cheibriados
Fedhas
Hepliaklqana
Makhleb
Vehumet

Annotations:
D:3 Natasha


Innate Abilities, Weirdness & Mutations

You do not eat or drink.
Your flesh is vulnerable to fire.
You are immune to poison.
Your flesh is cold resistant. (rC+)
You are immune to negative energy. (rN+++)
You are immune to unholy pain and torment.
You can survive without breathing.


Message History

The jelly is almost dead.
The jelly hits you. The acid corrodes you!
You are splashed with acid!
The acid burns!
Wield which item (- for none, * to show all)? (? for menu, Esc to quit)
n - a +0 rapier (weapon)
You hit the jelly but do no damage.
Your hands burn!
The jelly is almost dead.
The jelly hits you. The acid corrodes you!
You are splashed with acid!
The acid burns!
* * * LOW HITPOINT WARNING * * *
Unknown command.
You hit the jelly but do no damage.
Your hands burn!
* * * LOW HITPOINT WARNING * * *
The jelly is almost dead.
The jelly misses you. The jelly barely misses you.
Unknown command.
Unknown command.
Unknown command.
You hit the jelly but do no damage.
Your hands burn!
You die...

...........#..####...≈≈#....##...
#.........##.## #8_....'...######
.........###..####...≈≈#..##
.........# #....##..≈≈##.##
.........###.#...#_≈≈##...#
.......[..##.#####8###....#
..............## ####...###
...............####....##
...............J@......#
#..............#####..##
#..............# ##>.#
#.####.........####..#..# .#
###...............##
##...#..#...#...#
#.####..##...### #.# ###..###..#
## ### #.#


You could see a jelly.

Vanquished Creatures
  A hound (D:5)
  An orc wizard (D:4)
  A worker ant (D:4)
  A hound skeleton (D:5)
  An adder (D:3)
  A leopard gecko (D:3)
  7 orcs
  2 giant cockroaches
  A goblin (D:3)
  3 hobgoblins
  A kobold (D:1)
  5 bats
  4 frilled lizards
  2 rats
31 creatures vanquished.

Notes
Turn   | Place    | Note
-------+----------+-------------------------------------------
     0 | D:1      | 4thArraOfDagon the Mummy Enchanter began the quest for the Orb.
     0 | D:1      | Reached XP level 1. HP: 13/13 MP: 4/4
     9 | D:1      | Reached skill level 1 in Short Blades
   141 | D:2      | Reached XP level 2. HP: 12/19 MP: 5/5
   253 | D:2      | Learned a level 2 spell: Ensorcelled Hibernation
   387 | D:3      | Reached skill level 3 in Hexes
   417 | D:3      | Reached XP level 3. HP: 16/24 MP: 4/7
   427 | D:3      | Learned a level 3 spell: Confuse
   462 | D:3      | Noticed Natasha
   668 | D:5      | Entered Level 5 of the Dungeon
   679 | D:4      | Reached skill level 4 in Hexes
   679 | D:4      | Reached XP level 4. HP: 13/30 MP: 0/8
   912 | D:4      | Found a snail-covered altar of Cheibriados.
   929 | D:4      | Became a worshipper of Cheibriados the Contemplative
   932 | D:4      | You fall through a shaft!
   932 | D:5      | Found a burning altar of Makhleb.
   933 | D:5      | Reached skill level 1 in Ice Magic
  1018 | D:5      | Found a radiant altar of Vehumet.
  1018 | D:5      | Found a hazy altar of Hepliaklqana.
  1019 | D:5      | Found a blossoming altar of Fedhas.
  1041 | D:5      | Reached XP level 5. HP: 30/35 MP: 9/9
  1101 | D:5      | Splashed by a jelly's acid

Vault maps used:
D:1:      tarquinn_simple_flora_water_f
D:2:      nicolae_gozag_seed_capital, lemuel_coloured_pillars_altar,
          first_bread, grunt_ministairs_6
D:3:      nicolae_overflow_hidden_temple, eat_drink_and_be_merry_uskayaw,
          uniq_natasha
D:4:      lemuel_blue_sif_altar, cheibriados_altar_1
D:5:      grunt_qazlal_clouds, makhleb_blood_cavern_becter,
          gammafunk_temple_overflow_claw

Skill      XL: |  1  2  3  4 |
---------------+-------------+-----
Short Blades   | 1 2 |  2.0
Hexes          | 3 4 |  4.1
Ice Magic      | 1 |  1.6
Dodging        | |  1.5
Stealth        | |  2.4
Spellcasting   | |  2.6

Action                   |  1- 3 |  4- 6 || total
-------------------------+-------+-------++-------
Melee: Dagger            |    61 |    10 ||    71
       Rapier            |       |     7 ||     7
 Cast: Ensorcelled Hiber |    22 |     7 ||    29
       Confuse           |     3 |       ||     3
       Corona            |     1 |     1 ||     2
 Stab: Sleeping          |    15 |     4 ||    19
       Confused          |     1 |       ||     1
Armor: Robe              |    10 |     4 ||    14
Dodge: Dodged            |    43 |    15 ||    58
